 Dungeon Crawl Stone Soup version 0.28-a0-823-gb444dcf96d (webtiles) character file.

Game seed: 12615919487535593707

0 spiderkeys the Skirmisher (level 1, -6/14 HPs)
             Began as a Tengu Abyssal Knight on Nov 10, 2021.
             Was a Follower of Lugonu.
             Mangled by a large abomination (18 damage)
             ... on level 3 of the Abyss.
             The game lasted 00:00:49 (150 turns).

spiderkeys the Skirmisher (Tengu Abyssal Knight)     Turns: 150, Time: 00:00:49

Health: -6/14      AC:  4    Str: 13    XL:     1   Next: 0%
Magic:  3/3        EV: 11    Int: 10    God:    Lugonu [*.....]
Gold:   28         SH:  0    Dex: 14    Spells: 0/0 levels left

rFire   . . .      SeeInvis .   a - +1 spear
rCold   . . .      Faith    .   (no shield)
rNeg    . . .      Spirit   .   b - +0 leather armour
rPois   .          Reflect  .   (helmet restricted)
rElec   .          Harm     .   (no cloak)
rCorr   .          Rampage  .   c - +0 pair of gloves
Will    .....                   (boots unavailable)
Stlth   +.........              (no amulet)
HPRegen 0.00/turn               (no ring)
MPRegen 0.08/turn               (no ring)

@: sick
A: beak, talons 3
a: Renounce Religion, Depart the Abyss


You were on level 3 of the Abyss.
You worshipped Lugonu.
Lugonu was aware of your devotion.
You visited 0 branches of the dungeon, and saw 0 of its levels.
You visited the Abyss 1 time.

You collected 28 gold pieces.


Innate Abilities, Weirdness & Mutations

You have a beak for a mouth.
You have claws for feet.


   Skills:
 + Level 3.0 Fighting
 + Level 2.1 Polearms
 + Level 2.1 Armour
 + Level 1.1 Dodging
 + Level 1.5 Invocations


You couldn't memorise any spells.
You didn't know any spells.
Your spell library was empty.

Inventory:

Hand Weapons
 a - a +1 spear (weapon)
Armour
 b - a +0 leather armour (worn)
 c - a +0 pair of gloves (worn)
   (You found it on level 1 of the Abyss)

Dungeon Overview and Level Annotations

Branches:
Dungeon (0/15)

Altars:

###..#. . ..# ###
#..#...#####.# # [#
#.ยง..#######.###...
# ###. .........#...
#..# #x#. #[....#.#
..#.#..Z.#.#...$..#
# .. x.#..#
.#..###.#.# ... ###.
.x.#X##.#..# .###
.#..##.#xX@..#... ##
##....##.#.###...##
#.#!#... ### ...#
...#.... #.#.# .
#.#.##.#. #. .# . #.
#.... .. .#


You could see a tentacled starspawn, a large abomination and a small
abomination.


Message History

๐Ÿค– Initializing magus.rc ... โœ… Successfully initialized magus.rc [v1.9.10] Welcome, spiderkeys the Tengu Abyssal Knight.
You feel drawn to the Orb of Zot, downwards into the unfathomable depths...
Lugonu says: Depart the Abyss and spread corruption, my servant! (use the ability menu to exit the Abyss) Press ? for a list of commands and other information.
Found a corrupted altar of Lugonu.
Found a gateway leading deeper into the Abyss.
Found a gateway leading out of the Abyss.
c - a +0 pair of gloves You feel yourself growing ill in the presence of the ancient zyme.
You feel ill.
You feel ill.
You feel ill.
You feel ill.
You feel ill.
There is a gateway leading deeper into the Abyss here.
You plunge deeper into the Abyss.
Found a scroll labelled UZAC RANIY and a scale mail.
Found a gateway leading out of the Abyss.
You start putting on your armour.
You continue putting on your +0 pair of gloves. x4
You finish putting on your +0 pair of gloves.
d - a scroll labelled UZAC RANIY An ancient zyme comes into view.
You feel ill.
You feel ill.
As you read the scroll labelled UZAC RANIY, it crumbles to dust.
It is a scroll of amnesia.
You feel forgetful for a moment.
You feel ill. The ancient zyme hits you.
The ancient zyme barely misses you. ๐Ÿ˜• HP[-2]
You take 2 damage, and now have 12/14 hp.
You feel ill.
Found a gateway leading deeper into the Abyss.
You feel ill.
You feel ill.
There is a gateway leading deeper into the Abyss here.
You plunge deeper into the Abyss.
The abyssal rune of Zot can be found at this depth.
You now have 28 gold pieces.
A large abomination comes into view.
A tentacled starspawn comes into view.
Tentacles burst from the starspawn's body! 2 starspawn tentacles come into view.
A small abomination comes into view.
A tentacle flies out from the starspawn's body!
A starspawn tentacle comes into view.
You see here 37 gold pieces.
You see here a scroll labelled SENUIGI TALY.
As you read the scroll labelled SENUIGI TALY, it crumbles to dust.
It is a scroll of identify.
You don't have any unidentified items.
A hellwing comes into view.
The small abomination misses you. The large abomination hits you!!
Ouch! That really hurt!
You die...

Action                   || total
-------------------------++-------
  Use: Scroll            ||     2
Dodge: Dodged            ||     2

Levels and vault maps discovered:
Abyss:3:  base: Temple, guppyfry_abyss_exit_spiral_guarded,
          evilmike_abyss_rune_siren_acolytes

Notes
Turn   | Place    | Note
-------+----------+-------------------------------------------
     0 | Abyss:1  | spiderkeys the Tengu Abyssal Knight began the quest for the
                  | Orb.
     0 | Abyss:1  | Reached XP level 1. HP: 14/14 MP: 3/3
     0 | Abyss:1  | magus.rc [v1.9.10]
    15 | Abyss:1  | Noticed an ancient zyme
    41 | Abyss:2  | Noticed an ancient zyme
    51 | Abyss:2  | Noticed an ancient zyme
   105 | Abyss:3  | Noticed a large abomination
   115 | Abyss:3  | Noticed a tentacled starspawn
   124 | Abyss:3  | Noticed a small abomination
   131 | Abyss:3  | Noticed a stone giant zombie
   146 | Abyss:3  | Noticed a hellwing
   150 | Abyss:3  | Mangled by a large abomination

Vanquished Creatures (others)
  4 starspawn tentacles (Abyss:3)
4 creatures vanquished.

Table legend:
 A = Non-vault XP
 B = Vault XP
 C = Vault XP percentage of total XP
 D = Non-vault monster count
 E = Vault monster count
 F = Vault count percentage of total count
                 A         B        C        D         E       F
            +---------+---------+-------+---------+---------+-------
      Total |       0 |       0 |   N/A |       0 |       0 |  -nan
            +---------+---------+-------+---------+---------+-------
            +---------+---------+-------+---------+---------+-------

Illustrated notes

Table legend: (Time is in decaauts)
 A = Elapsed time spent in this place.
 B = Non-inter-level travel time spent in this place.
 C = Inter-level travel time spent in this place.
 D = Time resting spent in this place.
 E = Time spent auto-exploring this place.
 F = Levels seen in this place.
 G = Mean time per level.
                   A        B        C        D        E       F      G
               +--------+--------+--------+--------+--------+-----+--------+
         Total |    149 |    149 |      0 |      0 |      0 |   3 |   49.7 |
         Abyss |    149 |    149 |      0 |      0 |      0 |   3 |   49.7 |
               +--------+--------+--------+--------+--------+-----+--------+

Top non-repeatable levels by time:
 Abyss:3: 82 daAuts
 Abyss:2: 40 daAuts
 Abyss:1: 26 daAuts
